 Seeded DCSS version 0.28-a0-312-gbced6e68ee (webtiles) character file.

Game seed: 7704828258330008827 (custom seed)

427 voltaire321 the Ducker (level 6, 0/48 HPs)
             Began as a Merfolk Gladiator on Aug 31, 2021.
             Slain by Edmund (8 damage)
             ... on level 4 of the Dungeon.
             The game lasted 00:09:36 (2757 turns).

voltaire321 the Ducker (Merfolk Gladiator)          Turns: 2757, Time: 00:09:36

Health: 0/48       AC:  6    Str: 15    XL:     6   Next: 97%
Magic:  6/6        EV: 13    Int: 11    God:
Gold:   152        SH:  0    Dex: 17    Spells: 5/5 levels left

rFire   . . .      SeeInvis .   e - +9 demon blade "Vuzxaw" {venom, rN+ Int+4}
rCold   + . .      Faith    .   (no shield)
rNeg    + . .      Spirit   .   k - +0 ring mail
rPois   .          Reflect  .   c - +0 helmet
rElec   .          Harm     .   (no cloak)
rCorr   .          Rampage  .   (no gloves)
Will    .....                   (no boots)
Stlth   +.........              (no amulet)
HPRegen 0.16/turn               j - ring of protection from cold
MPRegen 0.10/turn               (no ring)

@: no status effects
A: (nimble swimmer 2), mertail
a: no special abilities


You were on level 4 of the Dungeon.
You visited 1 branch of the dungeon, and saw 4 of its levels.

You collected 152 gold pieces.

Inventory:

Hand Weapons
 a - a +0 long sword
 e - the +9 demon blade "Vuzxaw" (weapon) {venom, rN+ Int+4}
   (You acquired it on level 1 of the Dungeon)

   It poisons the flesh of those it strikes.
   Int:       It affects your intelligence (+4).
   rN:        It protects you from negative energy.
Missiles
 d - 3 throwing nets (quivered)
 f - 21 poisoned darts
 l - 6 curare-tipped darts
Armour
 c - a +0 helmet (worn)
 k - a +0 ring mail (worn)
Jewellery
 j - a ring of protection from cold (left hand)
Scrolls
 b - a scroll of fear {unknown}
 h - a scroll of acquirement
 o - 2 scrolls of summoning {unknown}
 p - a scroll of brand weapon {unknown}
 q - a scroll of teleportation {unknown}
 r - a scroll of enchant armour {unknown}
 s - a scroll of fog {unknown}
 t - a scroll of enchant weapon {unknown}
Potions
 g - 2 potions of curing {unknown}
 i - a potion of flight {unknown}
 m - a potion of degeneration {unknown}
 n - 2 potions of attraction {unknown}
 u - a potion of heal wounds {unknown}
 v - a potion of lignification {unknown}


   Skills:
 + Level 4.0 Fighting
 + Level 4.7 Long Blades
 + Level 3.5 Throwing
 + Level 2.0 Armour
 + Level 5.7 Dodging


You had 5 spell levels left.
You didn't know any spells.
Your spell library was empty.

Dungeon Overview and Level Annotations

Branches:
Dungeon (4/15)
 Temple: D:4-7

Altars:
Trog

Shops:
D:1 :

Annotations:
D:4 Edmund


Innate Abilities, Weirdness & Mutations

((You are quick and stealthy near water. (Stealth+, EV+, Speed+++)))
Your lower body shifts to a powerful aquatic tail in water.


Message History

You hit the bullfrog.
The bullfrog is lightly wounded.
The bullfrog misses you.
You closely miss the bullfrog.
The bullfrog is lightly wounded.
The bullfrog hits you. x2
You slash the bullfrog!
The bullfrog is poisoned.
The bullfrog is severely wounded.
The bullfrog hits you but does no damage.
You closely miss the bullfrog.
The bullfrog is severely wounded.
The bullfrog misses you. The bullfrog closely misses you.
You miss the bullfrog.
The bullfrog is severely wounded.
The bullfrog misses you. The bullfrog closely misses you.
You hit the bullfrog.
The bullfrog looks as sick as possible!
The bullfrog is almost dead.
You kill the bullfrog!
Your Fighting skill increases to level 4!
Your Armour skill increases to level 2!
You start resting.
HP restored.
You see here a bullfrog corpse.
You see here 31 bolts.
Edmund the Younger comes into view.
He is wielding a +2 dire flail of holy wrath.
Edmund drinks a potion.
Edmund seems to speed up.
You slash Edmund!
Edmund is poisoned.
Edmund is moderately wounded.
Edmund hits you with a +2 dire flail of holy wrath! x2
You hit Edmund.
Edmund looks as sick as possible!
Edmund is heavily wounded.
Edmund closely misses you.
You closely miss Edmund.
Edmund is heavily wounded.
Edmund hits you with a +2 dire flail of holy wrath.
Edmund hits you with a +2 dire flail of holy wrath!
* * * LOW HITPOINT WARNING * * *
Edmund hits you but does no damage.
Edmund hits you with a +2 dire flail of holy wrath!
You die...

.......
...........#
###....
.....##.####
####... ..#
#.# .......
#.# ####.#.
#.# # #.# #
#.# # #@# #
#@# ###### #
#.# #<[... #
#.# #.#### #
#.# #.# #
###.#######
#.# #
#..#>.....#
#.# #
##.#.#####.#
#.# #
.#######.#..##
#.#####.## #
.......†###..#
#........#


You could see Edmund (fast, very poisoned).

Vanquished Creatures
  A bullfrog (D:4)
  A howler monkey (D:4)
  2 orc priests (D:3)
  An orc wizard (D:3)
  Robin (D:2)
  10 adders
  An ufetubus (D:4)
  4 worms
  2 dart slugs
  8 orcs (D:3)
  8 endoplasms
  2 giant cockroaches
  21 goblins
  8 hobgoblins
  4 quokkas
  14 ball pythons
  8 bats
  6 frilled lizards
  4 kobolds
  12 rats
118 creatures vanquished.

Vanquished Creatures (others)
  5 plants (D:3)
5 creatures vanquished.

Grand Total: 123 creatures vanquished

Notes
Turn   | Place    | Note
-------+----------+-------------------------------------------
     0 | D:1      | voltaire321 the Merfolk Gladiator began the quest for the
                  | Orb.
     0 | D:1      | Reached XP level 1. HP: 16/16 MP: 1/1
    42 | D:1      | Identified a scroll of acquirement
    42 | D:1      | Acquired the +9 demon blade "Vuzxaw" {venom, rN+ Int+4}
    91 | D:1      | Found Iveklaap's Book Emporium.
   110 | D:1      | Reached XP level 2. HP: 16/23 MP: 2/2
   477 | D:1      | Reached XP level 3. HP: 28/28 MP: 3/3
   842 | D:2      | Noticed Robin
   872 | D:2      | Killed Robin
   873 | D:2      | Reached XP level 4. HP: 23/34 MP: 4/4
   887 | D:2      | Reached skill level 1 in Armour
  1199 | D:2      | You fall into a shaft and drop 1 floor!
  1291 | D:3      | Found a faded altar of an unknown god.
  1337 | D:3      | Reached XP level 5. HP: 41/41 MP: 5/5
  1361 | D:3      | Found a bloodstained altar of Trog.
  1657 | D:2      | Reached skill level 5 in Dodging
  2132 | D:3      | Reached XP level 6. HP: 47/47 MP: 6/6
  2745 | D:4      | Noticed Edmund
  2757 | D:4      | Slain by Edmund

Illustrated notes

Levels and vault maps discovered:
D:1:      shiori_shiawase, layout_loops_ring, serial_shops, shop,
          minmay_hexomino_u4
D:2:      layout_basic, minmay_snake_closets, uniq_robin
D:3:      layout_loops_cross, mainiacjoe_overflow_surrounded_room,
          basic_ecumenical_altar, serial_bayou_lagoon_a, minmay_pentangle
D:4:      layout_loops_ring, uniq_edmund

Skill      XL: |  1  2  3  4  5  6 |
---------------+-------------------+-----
Armour         | 1 2 |  2.0
Fighting       | 3 4 |  4.0
Long Blades    | 4 |  4.7
Throwing       | 3 |  3.5
Dodging        | 5 |  5.7

Action                   |  1- 3 |  4- 6 || total
-------------------------+-------+-------++-------
Melee: Demon blade       |    58 |   142 ||   200
       Tailslap          |       |     1 ||     1
  Use: Scroll            |     2 |       ||     2
 Stab: Sleeping          |       |     1 ||     1
Armor: Leather armour    |     8 |       ||     8
       Ring mail         |    10 |    41 ||    51
Dodge: Dodged            |    28 |   103 ||   131

Table legend: (Time is in decaauts)
 A = Elapsed time spent in this place.
 B = Non-inter-level travel time spent in this place.
 C = Inter-level travel time spent in this place.
 D = Time resting spent in this place.
 E = Time spent auto-exploring this place.
 F = Levels seen in this place.
 G = Mean time per level.
                   A        B        C        D        E       F      G
               +--------+--------+--------+--------+--------+-----+--------+
         Total |   2770 |   2695 |     75 |    356 |   1620 |   4 |  692.5 |
       Dungeon |   2770 |   2695 |     75 |    356 |   1620 |   4 |  692.5 |
               +--------+--------+--------+--------+--------+-----+--------+

Top non-repeatable levels by time:
     D:1: 836 daAuts
     D:3: 825 daAuts
     D:2: 723 daAuts
     D:4: 384 daAuts
